 Dungeon Crawl Stone Soup version 0.19-a0-1511-g16f215b (webtiles) character file.

19 jacquesderrida the Twirler (level 2, -2/14 HPs)
             Began as a Vine Stalker Wanderer on Sept 11, 2016.
             Slain by a worker ant (4 damage)
             ... on level 4 of the Dungeon.
             The game lasted 00:01:56 (370 turns).

jacquesderrida the Twirler (Vine Stalker Wanderer)   Turns: 370, Time: 00:01:57

Health: -2/14      AC:  2    Str: 12    XL:     2   Next: 75%
Magic:  0/3        EV: 12    Int: 12    God:
Gold:   22         SH:  0    Dex: 15    Spells: 0 memorised, 1 level left

rFire  . . .     SeeInvis .     a - +2 quarterstaff
rCold  . . .     Gourm    .     e - +0 robe
rNeg   . . .     Faith    .     (shield currently unavailable)
rPois  .         Spirit   +     (no helmet)
rElec  .         Dismiss  .     (no cloak)
rCorr  .         Reflect  .     (no gloves)
MR     .....     Harm     .     (no boots)
Stlth  +.........               (no amulet)
                                (no ring)
                                (no ring)

@: no status effects
A: fangs 2, magic shield, antimagic bite, no device heal 3, rot immunity
a: no special abilities


You were on level 4 of the Dungeon.
You were not hungry.

You visited 1 branch of the dungeon, and saw 4 of its levels.

You collected 22 gold pieces.

Inventory:

Hand Weapons
 a - a +2 quarterstaff (weapon)
 h - a +1 whip of electrocution
Armour
 d - a +0 shield
 e - a +0 robe (worn)
Scrolls
 b - a scroll of blinking {unknown}
 g - 3 scrolls of identify {unknown}
Comestibles
 f - 2 bread rations


   Skills:
 + Level 1.5 Fighting
 - Level 2.6 Staves
   Level 1.7 Crossbows
 - Level 1.0 Armour
 - Level 1.0 Dodging
 - Level 1.0 Shields
 * Level 1.8 Unarmed Combat
   Level 1.0 Evocations


You had one spell level left.
You didn't know any spells.

Dungeon Overview and Level Annotations

Branches:
Dungeon (4/15)
 Temple: D:4-7

Altars:
Sif Muna


Innate Abilities, Weirdness & Mutations

You have extremely sharp teeth.
When hurt, damage is shared between your health and your magic reserves.
Your bite disrupts and absorbs the magic of your enemies.
Potions and wands cannot restore your health.
You are immune to rotting.


Message History

You kill the ball python!
The orc hits you with a hand axe.
* * * LOW HITPOINT WARNING * * *
There is a stone staircase leading down here.
You climb downwards.
Found 17 stones.
There is a stone staircase leading up here.
You see here 17 stones.
You open the door.
There is an open door here.
Found a stone staircase leading down.
A worker ant comes into view.
The worker ant twitches its antennae in your direction.
You hit the worker ant but do no damage.
Your bite misses the worker ant. The worker ant bites you.
* * * LOW HITPOINT WARNING * * *
You aren't carrying any potions.
You hit the worker ant but do no damage.
The worker ant bites you.
You die...

### ..... ..# ..... #.##
##....# ...+ ....>. #..#
#... #..########.#
#<(.##......########.###
#....'..........@.......
#.#..#......####a.......
#.##.#......# #.###....
#................. .##
#.##........####.##
..##........# #.#
.###........# #.#
...#####.# #.#


You could see a worker ant.

Vanquished Creatures
  A worm (D:3)
  A dart slug (D:1)
  A ball python (D:3)
  A giant cockroach (D:1)
  A goblin (D:1)
  3 hobgoblins
  A quokka (D:2)
  A giant newt (D:2)
  2 kobolds
  A rat (D:3)
13 creatures vanquished.

Notes
Turn   | Place    | Note
-------+----------+-------------------------------------------
     0 | D:1      | jacquesderrida the Vine Stalker Wanderer began the quest for the Orb.
     0 | D:1      | jacquesderrida set off with: a +2 quarterstaff, a +0 shortbow, 25 arrows, a +0 shield, a +0 robe, a bread ration
     0 | D:1      | Reached XP level 1. HP: 10/10 MP: 2/2
    52 | D:1      | Reached skill level 1 in Unarmed Combat
    88 | D:2      | Reached XP level 2. HP: 13/14 MP: 3/3
   262 | D:3      | Found a deep blue altar of Sif Muna.
   370 | D:4      | Slain by a worker ant

Vault maps used:
D:1:      dpeg_arrival_rooms_with_view
D:3:      xom_teletrap_fun, lemuel_crystal_altar, minitemple,
          minmay_fountain_box, minmay_statues_item
D:4:      black_bear_nest_2, makhleb_grotto_becter,
          minmay_misc_feat_secret_circle, uniq_blork_the_orc, uniq_grinder,
          uniq_eustachio

Skill      XL: |  1 |
---------------+----+-----
Unarmed Combat | 1 |  1.8
Fighting       | |  1.5
Staves         | |  2.6
Crossbows      | |  1.7
Armour         | |  1.0
Dodging        | |  1.0
Shields        | |  1.0
Evocations     | |  1.0

Action                   || total
-------------------------++-------
Melee: Quarterstaff      ||    36
       Bite              ||     9
 Stab: Sleeping          ||     1
       Distracted        ||     1
Armor: Robe              ||     1
Dodge: Dodged            ||    17
